 Dungeon Crawl Stone Soup version 0.31-a0-702-gf82c85558f (webtiles) character file.

Game seed: 10504360390678287058

959 qw the Skirmisher (level 8, -11/49 HPs)
             Began as a Gargoyle Hunter on Sept 8, 2023.
             Mangled by an ogre
             ... wielding a +0 giant spiked club
              (22 damage)
             ... on level 5 of the Dungeon.
             The game lasted 00:01:36 (3421 turns).

qw the Skirmisher (Gargoyle Hunter)                 Turns: 3421, Time: 00:01:37

Health: -11/49     AC: 10    Str: 15    XL:     8   Next: 14%
Magic:  8/8        EV: 12    Int: 10    God:
Gold:   164        SH:  0    Dex: 15    Spells: 7/7 levels left

rFire   . . .        Y - +0 shortbow
rCold   . . .        (shield currently unavailable)
rNeg    + . .        a - +2 leather armour {Will+}
rPois   inf          (no helmet)
rElec   +            (no cloak)
rCorr   .            (no gloves)
SInv    +            (no boots)
Will    +....        (no amulet)
Stlth   ++           d - ring of see invisible
HPRegen 0.28/turn    (no ring)
MPRegen 0.11/turn

%: no passive effects
@: no status effects
A: sickness immunity, AC +5, negative energy resistance 1, electricity
resistance, torment resistance 1, petrification resistance
a: no special abilities


You were on level 5 of the Dungeon.
You visited 1 branch of the dungeon, and saw 5 of its levels.
You also visited: Sewer.

You collected 164 gold pieces.


Innate Abilities, Weirdness & Mutations

You are immune to sickness and miasma.
Your stone body is resilient. (AC +5)
You are immune to poison.
You resist negative energy. (rN+)
You are resistant to electric shocks. (rElec)
You are resistant to unholy torment.
You are immune to petrification.


   Skills:
 - Level 5.1 Fighting
 + Level 8.5 Ranged Weapons
 - Level 2.3 Armour
 - Level 2.0 Dodging
 - Level 1.1 Stealth


You had 7 spell levels left.
You didn't know any spells.
Your spell library was empty.

Inventory:

Hand Weapons
 Y - a +0 shortbow (weapon)
Armour
 a - a +2 leather armour of willpower (worn)
Jewellery
 d - a ring of see invisible (left hand)
Scrolls
 b - a scroll of identify
 n - a scroll of enchant armour
Potions
 c - a potion of resistance
 f - 2 potions of haste
 g - a potion of ambrosia {unknown}
 h - 2 potions of curing {unknown}
 i - a potion of attraction {unknown}
 j - a potion of enlightenment {unknown}
 k - a potion of might {unknown}
 l - a potion of invisibility {unknown}
 m - 2 potions of berserk rage {unknown}

Dungeon Overview and Level Annotations

Branches:
Dungeon (5/15)              Sewer (visited)
 Temple: D:4-7

Altars:

Shops:
D:5 :

Annotations:
D:5 Eustachio


Message History

The quokka closely misses you. The quasit closely misses you.
The quasit misses you. The quasit completely misses you.
Eustachio closely misses you.
The quokka bites you but does no damage.
The ufetubus hits you. The ufetubus barely misses you.
You shoot an arrow. The arrow hits Eustachio.
Eustachio is lightly wounded.
The bat hits you but does no damage. The quasit closely misses you.
The quasit claws you but does no damage.
The quasit claws you. The bat hits you but does no damage.
The ufetubus hits you but does no damage. x2
The ogre barely misses you. The quokka misses you.
The quasit bites you but does no damage.
The quasit claws you but does no damage.
The quasit misses you.
Eustachio hits you with a +2 rapier of holy wrath.
You shoot an arrow. The arrow hits Eustachio.
Eustachio is lightly wounded.
The shadow imp disappears in a puff of smoke!
The bat hits you but does no damage. The ufetubus hits you.
The ufetubus closely misses you. The quokka barely misses you.
The quasit completely misses you.
The quasit claws you but does no damage.
The quasit barely misses you.
Eustachio gestures wildly while chanting.
Eustachio blinks!
The ogre hits you but does no damage. The ufetubus barely misses you.
The ufetubus closely misses you.
You shoot an arrow. The arrow hits the ogre!
The ogre is moderately wounded.
The bat hits you but does no damage. The quasit bites you.
The quasit misses you. x2; The quokka closely misses you.
The ufetubus closely misses you. x2
You shoot an arrow. The arrow hits the ogre!
The ogre is severely wounded.
The ufetubus hits you but does no damage.
The ufetubus barely misses you. The quasit bites you.
The quasit claws you but does no damage. x2
The bat hits you but does no damage. The quokka misses you.
The ogre hits you with a +0 giant spiked club!!
You die...

##.... ....... ......+...#.###...
...............#...........
........#......#...........
........#................#
........#.....oro........#
........#....~~o~~.......#
........#...~~~5b~~......#+######
##......# ##~~}.@~~..............
..)...........(5rO...............
##).........~~}.r~~...#..........
.'.........@~~~.~~~...#..........
##...........~~.~~....#..........
#...............#..........%.....
#...............#................
................#.<..)...........
......###'#.....#..........######


You could see Eustachio, an ogre, an orc wizard (invisible), a quasit
(summoned), 2 orcs, an ufetubus (summoned), a quokka (summoned), a bat
(summoned) and 2 rats.

Vanquished Creatures
  A water moccasin (D:5)
  A black bear (D:5)
  2 ogres (D:5)
  2 kobold brigands (Sewer)
  A scorpion (D:4)
  A howler monkey (D:4)
  A jelly (D:5)
  A hound (D:5)
  2 orc priests
  An iguana (D:4)
  2 orc wizards (D:5)
  A river rat (Sewer)
  8 adders
  A worm (Sewer)
  5 orcs
  6 endoplasms
  8 giant cockroaches
  6 goblins
  7 hobgoblins
  2 jackals (D:4)
  16 kobolds
  4 quokkas
  6 ball pythons
  3 bats
  2 frilled lizards
  4 rats
94 creatures vanquished.

Notes
Turn   | Place    | Note
-------+----------+-------------------------------------------
     0 | D:1      | qw the Gargoyle Hunter began the quest for the Orb.
     0 | D:1      | Reached XP level 1. HP: 12/12 MP: 1/1
     0 | D:1      | 0 ||| qw: Version: 0.3-a-76-g4403597
     0 | D:1      | 0 ||| qw: Game counter: 1028
     0 | D:1      | 0 ||| qw: Melee chars always use a shield: true
     0 | D:1      | 0 ||| qw: God list: Okawaru
     0 | D:1      | 0 ||| qw: Allow faded altars: false
     0 | D:1      | 0 ||| qw: Do Orc after clearing Dungeon:15 true
     0 | D:1      | 0 ||| qw: Do second Lair branch before Depths: true
     0 | D:1      | 0 ||| qw: Lair rune preference: random
     0 | D:1      | 0 ||| qw: Goals: Normal
     0 | D:1      | 0 ||| PLANNING D:1-11
   131 | D:1      | Reached XP level 2. HP: 17/17 MP: 2/2
   578 | D:1      | 578 ||| READING scroll labelled MOVAIQ QUVVYO.
   579 | D:1      | 579 ||| READING 2 scrolls labelled OSHRADW KIXOOCLA.
   580 | D:1      | 580 ||| READING 3 scrolls labelled OTE REOQIE.
   581 | D:1      | 581 ||| READING scroll labelled ATUSHI EGHU.
   582 | D:1      | 582 ||| DRINKING 2 fuming blue potions.
   583 | D:1      | 583 ||| DROPPING scroll of butterflies.
   584 | D:1      | 584 ||| DROPPING scroll of noise.
   585 | D:1      | 585 ||| DROPPING 2 scrolls of amnesia.
   586 | D:1      | 586 ||| DROPPING potion of brilliance.
   663 | D:2      | Reached XP level 3. HP: 21/21 MP: 3/3
   692 | D:2      | Reached skill level 5 in Ranged Weapons
  1278 | D:2      | 1278 ||| UPGRADING to +2 leather armour of willpower.
  1288 | D:2      | 1288 ||| DROPPING +0 leather armour.
  1289 | D:2      | 1289 ||| UPGRADING to ring of see invisible.
  1290 | D:2      | 1290 ||| READING scroll labelled QEUQYQAENO.
  1291 | D:2      | 1291 ||| READING 2 scrolls of identify.
  1291 | D:2      | 1291 ||| IDENTIFYING fizzy white potion
  1343 | D:3      | 1343 ||| PLANNING SEWER
  1514 | D:3      | Reached skill level 3 in Fighting
  1514 | D:3      | Reached XP level 4. HP: 24/28 MP: 4/4
  2006 | D:3      | Found a glowing drain.
  2007 | D:3      | 2007 ||| READING scroll labelled AMOUQONK PAHOLAS.
  2008 | D:3      | 2008 ||| READING scroll labelled WUATTE DUSA.
  2009 | D:3      | 2009 ||| DRINKING 2 red potions.
  2010 | D:3      | 2010 ||| DROPPING potion of degeneration.
  2014 | Sewer    | Entered a sewer
  2076 | Sewer    | Reached XP level 5. HP: 32/32 MP: 5/5
  2079 | Sewer    | 2079 ||| Stepping ~*~*~tactically~*~*~ (water).
  2134 | Sewer    | Noticed a kobold brigand
  2144 | Sewer    | Killed a kobold brigand
  2145 | Sewer    | Reached skill level 6 in Ranged Weapons
  2176 | Sewer    | 2176 ||| Stepping ~*~*~tactically~*~*~ (water).
  2178 | Sewer    | 2178 ||| Stepping ~*~*~tactically~*~*~ (water).
  2180 | Sewer    | 2180 ||| Stepping ~*~*~tactically~*~*~ (water).
  2206 | Sewer    | 2206 ||| Stepping ~*~*~tactically~*~*~ (water).
  2209 | Sewer    | 2209 ||| Stepping ~*~*~tactically~*~*~ (water).
  2241 | Sewer    | 2241 ||| Stepping ~*~*~tactically~*~*~ (water).
  2280 | Sewer    | Noticed a kobold brigand
  2301 | Sewer    | Killed a kobold brigand
  2302 | Sewer    | Reached XP level 6. HP: 31/38 MP: 6/6
  2352 | Sewer    | 2352 ||| READING scroll labelled IRUANIRUNK.
  2380 | Sewer    | 2380 ||| READING scroll labelled AGRUNO XEGOO.
  2381 | Sewer    | 2381 ||| DRINKING 2 brown potions.
  2382 | Sewer    | 2382 ||| READING 2 scrolls of identify.
  2382 | Sewer    | 2382 ||| IDENTIFYING metallic yellow potion
  2419 | D:3      | 2419 ||| PLANNING D:1-11
  2700 | D:4      | Reached skill level 7 in Ranged Weapons
  2909 | D:4      | Reached XP level 7. HP: 43/43 MP: 7/7
  3027 | D:5      | Entered Level 5 of the Dungeon
  3059 | D:5      | Identified the +11 falchion "Uloi" {flame, Will+ rCorr
                  | Dex+2}
  3080 | D:5      | 3080 ||| FLEEEEING.
  3081 | D:5      | 3081 ||| FLEEEEING.
  3082 | D:5      | 3082 ||| FLEEEEING.
  3083 | D:5      | 3083 ||| FLEEEEING.
  3095 | D:5      | HP: 1/43 [ogre/+0 giant club (16)]
  3096 | D:5      | 3096 ||| DRINKING 2 potions of heal wounds.
  3102 | D:5      | Reached skill level 8 in Ranged Weapons
  3233 | D:5      | 3233 ||| FLEEEEING.
  3383 | D:5      | Reached XP level 8. HP: 49/49 MP: 8/8
  3389 | D:5      | Found Joalumim's Self-Improvement Boutique.
  3391 | D:5      | Noticed Eustachio
  3394 | D:5      | 3394 ||| RETREATING.
  3415 | D:5      | HP: 3/49 [ogre/+0 giant spiked club (11)]
  3416 | D:5      | 3416 ||| DRINKING potion of heal wounds.
  3420 | D:5      | HP: 11/49 [quasit[Eustachio] (2)]
  3421 | D:5      | Mangled by an ogre

Levels and vault maps discovered:
D:1:      noname_arrival_rooms_in_the_neighbourhood, layout_loops_ring,
          wad_floor_pattern_2
D:2:      layout_loops_ring, grunt_ministairs_4
D:3:      layout_basic, gup_sewer_entry_bowl, corexii_hall_statues_l
D:4:      layout_rooms
D:5:      layout_basic, trog_hazing_becter, nicolae_shop_self_help,
          uniq_eustachio

Skill      XL: |  1  2  3  4  5  6  7 |
---------------+----------------------+-----
Ranged Weapons | 5 6 7 8 |  8.5
Fighting       | 3 4 5 |  5.1
Dodging        | 2 |  2.0
Armour         | 2 |  2.3
Stealth        | |  1.1

Action                     |  1- 3 |  4- 6 |  7- 9 || total
---------------------------+-------+-------+-------++-------
   Fire: Shortbow          |    90 |   198 |   109 ||   397
    Use: Scroll            |     6 |     5 |       ||    11
         Potion            |     1 |     2 |     2 ||     5
 Armour: Leather armour    |    12 |    52 |   110 ||   174
  Dodge: Dodged            |    17 |    40 |   142 ||   199

Table legend:
 A = Non-vault XP
 B = Vault XP
 C = Vault XP percentage of total XP
 D = Non-vault monster count
 E = Vault monster count
 F = Vault count percentage of total count
                 A         B        C        D         E       F
            +---------+---------+-------+---------+---------+-------
      Total |    1066 |     304 |  22.2 |      66 |      28 |  29.8
            +---------+---------+-------+---------+---------+-------
        D:1 |      17 |       0 |   0.0 |      10 |       0 |   0.0
        D:2 |      20 |      15 |  42.9 |      12 |       2 |  14.3
        D:3 |      63 |       6 |   8.7 |      13 |       3 |  18.8
        D:4 |     221 |       0 |   0.0 |      16 |       0 |   0.0
        D:5 |     745 |       0 |   0.0 |      15 |       0 |   0.0
      Sewer |       0 |     283 | 100.0 |       0 |      23 | 100.0
            +---------+---------+-------+---------+---------+-------
